Unix NetHack Version 3.7.0-84 Work-in-progress - last build May 8 2023 12:40:53 (a521f9c9ba282fe1dbcfd9214424a180692735d4,branch:master). Game began 2023-05-11 09:00:11, ended 2023-05-11 13:21:56. MaestroSpook, neutral female human Monk ----- ------- |...------ --|fin..| |........| |.+qegfr| |........| |-|iEcO@|-- -------.---- |.-G.%Cr-.| |.........-- |-|$$@c.|.| |..........| |.+$0g..|.| |..........| --|$....|.| -----.-------- ------|.| |............| |.| |.........(..| |.| --------.----| |.| |0....%....0| |.| |...........| |.| -------.------ |.| |.......----------------.| |>.......................| -------------------------- MaestroSpook the Student of Stones St:18/03 Dx:16 Co:17 In:13 Wi:15 Ch:10 Neutral Dlvl:4 $:1314 HP:0(80) Pw:65(65) AC:-7 Xp:10/6886 T:13995 Latest messages: The gargoyle hits! The gargoyle hits again! The gargoyle bites! The tiger hits! The tiger just misses! The tiger misses! The tengu bites! The ogre lord picks up a sling. The mountain centaur picks up 57 gold pieces. What do you want to write with? [- dfn-pru-xB-GIOR or ?*] You write in the dust with your fingertip. The mountain centaur picks up 68 gold pieces. The tengu turns to flee. The tengu reads a scroll of teleportation! A mysterious force prevents the tengu from teleporting! The gargoyle turns to flee. The tiger turns to flee. The tengu turns to flee. The ogre lord picks up 48 gold pieces. The mountain centaur picks up 68 gold pieces. You kill the gecko! The mountain centaur picks up 13 gold pieces. The ogre lord picks up 16 gold pieces. The mountain nymph pretends to be friendly. The mountain nymph charms you. You gladly start removing your helm. You can move again. The mountain nymph steals an uncursed rusty +1 orcish helm! A mysterious force prevents the mountain nymph from teleporting! You hit the winter wolf cub! The winter wolf cub bites! The mountain nymph picks up a werejackal corpse. The mountain centaur swings her crossbow. The mountain centaur hits! The mountain centaur kicks! The mountain centaur kicks again! A mysterious force prevents the tengu from teleporting! A mysterious force prevents the tengu from teleporting! The giant rat bites! The ogre lord wields a club! You kill the winter wolf cub! The mountain centaur swings her crossbow. The mountain centaur hits! The mountain centaur kicks! The mountain centaur kicks again! The giant rat misses! The ogre lord swings his club. The ogre lord hits! The tiger hits! The tiger hits again! You die... Inventory: Coins ('$') $ - 1314 gold pieces Weapons (')') I - 3 uncursed +0 daggers G - 2 uncursed +0 orcish daggers F - a cursed +0 orcish dagger Armor ('[') a - an uncursed burnt +2 pair of leather gloves (being worn) H - an uncursed +0 pair of iron shoes (being worn) b - an uncursed burnt +3 robe (being worn) Comestibles ('%') g - 3 uncursed blueberry muffins s - an uncursed apple A - an uncursed carrot z - an uncursed cram ration k - 3 uncursed food rations l - 3 uncursed food rations i - 3 uncursed fortune cookies h - an uncursed tripe ration t - an uncursed lichen corpse Y - an uncursed lizard corpse Scrolls ('?') X - an uncursed scroll of earth m - an uncursed scroll of magic mapping Potions ('!') e - an uncursed potion of extra healing L - an uncursed potion of full healing q - an uncursed potion of gain energy J - a cursed potion of healing Rings ('=') u - an uncursed ring of fire resistance x - a cursed -1 ring of protection Wands ('/') R - an uncursed wand of digging (0:6) D - an uncursed wand of digging (0:4) n - an uncursed wand of light (0:13) O - an uncursed wand of lightning (0:3) v - an uncursed wand of magic missile (0:0) B - an uncursed wand of make invisible (0:7) p - an uncursed wand of make invisible (0:4) o - an uncursed wand of opening (0:7) d - an uncursed wand of opening (0:6) C - an uncursed wand of speed monster (0:6) r - an uncursed wand of striking (0:7) E - an uncursed wand of striking (0:3) Tools ('(') y - an uncursed bag of tricks (0:16) j - an uncursed skeleton key w - an uncursed towel T - an uncursed +0 unicorn horn Gems/Stones ('*') f - an uncursed turquoise stone MaestroSpook the Monk's attributes: Background: You were a Student of Stones, a level 10 female human Monk. You were neutral, on a mission for Chih Sung-tzu who was opposed by Shan Lai Ching (lawful) and Huan Ti (chaotic). You were in Sokoban, on level 4. You entered the dungeon 13995 turns ago. You had 6886 experience points, 3114 more were needed to attain level 11. Basics: You had 0 out of 80 hit points. You had all 65 energy points (spell power). Your armor class was -7. Your wallet contained 1314 zorkmids. Autopickup was on for '$%?!"=/*', with exceptions. Final Characteristics: Your strength was 18/03 (limit:18/100). Your dexterity was 16 (limit:18). Your constitution was 17 (limit:18). Your intelligence was 13 (limit:18). Your wisdom was 15 (peak:16, limit:18). Your charisma was 10 (limit:18). Final Status: You were not hungry. You were unencumbered. You were empty handed. You had master skill with martial arts. Final Attributes: You were piously aligned. You were sleep resistant. You were poison resistant. You saw invisible. You were telepathic. You were warned. You had automatic searching. You were stealthy. You had a moderate defense bonus (+9). You were guarded. You were fast. You are dead. Miscellaneous: You disabled loading of bones levels. Total elapsed playing time was 3 hours, 53 minutes and 38 seconds. Major events: Turn 1: MaestroSpook the neutral female human Monk entered the dungeon 1180: entered the Gnomish Mines 5243: attained the rank of Novice (level 3) 6234: attained the rank of Initiate (level 6) 6693: entered Sokoban 7084: completed 1st Sokoban level 10460: completed 2nd Sokoban level 12436: attained the rank of Student of Stones (level 10) 13134: completed 3rd Sokoban level 13949: completed 4th Sokoban level 13995: killed by a tiger Vanquished creatures: a queen bee a giant mimic a long worm 2 large mimics 2 small mimics a glass piercer a wood golem a pyrolisk 2 freezing spheres a large cat 2 gargoyles 2 tengu a leocrotta 2 mountain centaurs a python a wraith an amorous demon a chameleon a giant beetle a quivering blob 2 cockatrices 18 wolves 4 winter wolf cubs 2 panthers a gremlin 7 leprechauns an orc-captain 2 giant spiders a horse 2 black lights a vampire bat a forest centaur 2 gnome rulers a dwarf mummy an ogre a rust monster an owlbear 2 yetis a gold golem a werewolf a Green-elf 3 lizards 4 chickatrices 3 jaguars a dwarf leader 2 white unicorns 2 dust vortices a gnome mummy a snake 2 human zombies 4 soldier ants 2 bugbears an imp a wood nymph a water nymph 3 Mordor orcs 2 rock piercers 3 rock moles 3 ponies 3 fog clouds 2 yellow lights 2 shriekers a violet fungus 6 gnome leaders 6 gnomish wizards 2 gray oozes 2 elf zombies 3 giant ants 3 floating eyes a kitten 12 dwarves 6 homunculi 2 kobold leaders 10 hill orcs 5 rothes a rabid rat 4 centipedes a giant bat a monkey 2 orc zombies 3 dwarf zombies 3 wererats 2 werejackals 4 iguanas 15 killer bees 3 acid blobs 5 coyotes 2 gas spores 5 hobbits 9 manes 2 large kobolds 9 giant rats a cave spider a brown mold 5 yellow molds a green mold a red mold 46 gnomes 6 garter snakes 2 gnome zombies 5 geckos 4 jackals 3 foxes 2 kobolds 6 goblins 3 sewer rats 11 grid bugs a bat 12 lichens 4 kobold zombies 17 newts 386 creatures vanquished. No species were genocided or became extinct. Voluntary challenges: You never hit with a wielded weapon. You read items or engraved 33 times. You engraved Elbereth 15 times. You never genocided any monsters. You never polymorphed an object. You never changed form. You used no wishes. You did not violate any of the special Sokoban rules. Achievements: You entered a shop. You entered the Gnomish Mines. You entered a temple. You attained the rank of Novice. You attained the rank of Initiate. You entered Sokoban. You attained the rank of Student of Stones. The Dungeons of Doom: levels 1 to 12 Level 1: Level 2: A general store, some fountains. Level 3: "store" A general store, some fountains. Level 4: Some fountains, a sink. Stairs down to The Gnomish Mines. Level 5: Level 6: Level 7: Many fountains. Level 8: Some fountains. Stairs up to Sokoban, level 7. Level 9: Level 10: Some fountains. Level 11: A temple, a fountain. Level 12: The Gnomish Mines: levels 5 to 12 Level 5: Level 6: Level 7: Many shops, some altars, some fountains. Level 8: Level 9: Level 10: Level 11: Level 12: Sokoban: levels 7 up to 4 Level 4: <- You were here. Solved. Final resting place for you, killed by a tiger. Level 5: Solved. Level 6: Solved. Level 7: Solved. Game over: ---------- / \ / REST \ / IN \ / PEACE \ / \ | MaestroSpook | | 1314 Au | | killed by a | | tiger | | | | | | 2023 | *| * * * | * _________)/\\_//(\/(/\)/\//\/|_)_______ Goodbye MaestroSpook the Monk... You died in Sokoban on dungeon level 4 with 29357 points, and 1314 pieces of gold, after 13995 moves. You were level 10 with a maximum of 80 hit points when you died.